AoeStats
← Nanoha

Arena

507765740Analyzed
3v3 RM · 12d ago on Sep 19, 2026· 61m 3s· 6 players
Game mode
Random Map
Map size
Normal (6 player)
Population
200
Speed
Normal
Resources
Standard
Victory
Conquest
Starting age
Dark Age
Ending age
Imperial Age
RankedLock teamsTeams togetherTeam positionsShared explorationLock speedFull tech treeHidden civsTurbo modeCheats
Victory
Defeat
🇬🇧 Japanese · United Kingdom
1116
+14
🇨🇳 Spanish · China
1095
+14
🇩🇪 Slavs · Germany
1068
+15
🇨🇳 Bohemians · China
1189
-19
🇨🇳 Mongols · China
1011
-13
🇨🇳 Poles · China
977
-11
Pandinus
1:15 Loom
10:51 Feudal Age
16:56 Castle Age
15:37 Double-Bit Axe
15:45 Horse Collar
18:44 Pikeman
20:23 Squires
21:23 Town Watch
24:31 Wheelbarrow
25:33 Bow Saw
26:14 Scale Mail Armor
27:09 Heavy Plow
27:32 Gold Mining
28:54 Chain Mail Armor
29:06 Stone Mining
30:10 Detinets
30:43 Forging
31:26 Gold Shaft Mining
34:14 Imperial Age
32:13 Hand Cart
32:21 Fortified Wall
33:24 Iron Casting
33:51 Town Patrol
33:56 Fletching
34:28 Ballistics
34:47 Bodkin Arrow
35:58 Chemistry
35:24 Conscription
36:04 Druzhina
37:05 Plate Mail Armor
36:05 Capped Ram
38:11 Two-Man Saw
37:48 Bloodlines
36:58 Light Cavalry
39:51 Blast Furnace
39:14 Siege Engineers
40:01 Scale Barding Armor
42:29 Crop Rotation
42:49 Hoardings
43:28 Caravan
42:57 Siege Ram
44:07 Chain Barding Armor
44:52 Masonry
44:53 Husbandry
46:50 Plate Barding Armor
46:44 Halberdier
47:48 Elite Boyar
49:17 Murder Holes
51:12 Hussar
55:02 Man-at-Arms
57:07 Heavy Scorpion
Pintley
10:33 Feudal Age
11:04 Double-Bit Axe
12:08 Horse Collar
18:33 Castle Age
17:37 Stone Mining
18:48 Fletching
18:58 Loom
22:23 Wheelbarrow
22:12 Bow Saw
22:09 Bodkin Arrow
22:58 Heavy Plow
24:01 Gold Mining
24:31 Padded Archer Armor
24:25 Elite Skirmisher
24:29 Pikeman
25:09 Squires
25:15 Scale Mail Armor
25:26 Forging
28:29 Yasama
29:28 Town Watch
30:15 Ballistics
31:11 Hand Cart
33:02 Fortified Wall
33:03 Masonry
33:14 Guard Tower
36:29 Imperial Age
35:41 Thumb Ring
37:15 Bracer
37:31 Leather Archer Armor
37:42 Town Patrol
38:48 Two-Man Saw
38:28 Coinage
37:59 Caravan
37:25 Halberdier
39:44 Chemistry
39:58 Ring Archer Armor
41:36 Keep
40:47 Arrowslits
41:25 Kataparuto
41:28 Conscription
41:45 Hoardings
44:07 Banking
44:39 Chain Mail Armor
45:00 Iron Casting
44:55 Elite Samurai
48:18 Plate Mail Armor
48:49 Blast Furnace
51:59 Gold Shaft Mining
52:07 Fervor
57:29 Siege Engineers
57:20 Murder Holes
天道
10:37 Feudal Age
14:33 Castle Age
12:42 Double-Bit Axe
13:02 Horse Collar
15:44 Bow Saw
15:35 Heavy Plow
22:24 Loom
23:15 Wheelbarrow
26:02 Hand Cart
29:40 Imperial Age
27:10 Gold Mining
27:11 Stone Mining
27:58 Husbandry
28:08 Bloodlines
28:30 Ballistics
28:06 Stone Mining
28:04 Town Watch
29:13 Scale Barding Armor
29:19 Forging
29:10 Padded Archer Armor
30:41 Conscription
29:44 Elite Conquistador
31:29 Chemistry
30:54 Chain Barding Armor
30:07 Cavalier
31:41 Stone Shaft Mining
31:45 Iron Casting
34:33 Supremacy
35:25 Plate Barding Armor
35:50 Blast Furnace
35:06 Leather Archer Armor
35:11 Herbal Medicine
37:21 Paladin
41:19 Ring Archer Armor
46:34 Light Cavalry
51:59 Hussar
61:10 Two-Man Saw
怀旧型夏露露
10:35 Feudal Age
14:18 Castle Age
12:16 Double-Bit Axe
12:58 Horse Collar
14:58 Loom
15:26 Bow Saw
17:56 Fervor
24:37 Wheelbarrow
24:03 Heavy Plow
24:25 Town Watch
26:47 Hand Cart
31:12 Imperial Age
29:14 Scale Mail Armor
29:25 Fletching
30:06 Wagenburg Tactics
30:00 Elite Skirmisher
31:55 Chemistry
30:53 Pikeman
31:31 Bodkin Arrow
32:18 Conscription
32:26 Town Patrol
32:13 Houfnice
34:38 Two-Man Saw
33:37 Halberdier
34:34 Chain Mail Armor
36:40 Coinage
36:21 Guilds
36:46 Caravan
36:48 Bracer
37:14 Padded Archer Armor
37:49 Banking
38:35 Leather Archer Armor
38:51 Plate Mail Armor
38:56 Ballistics
39:42 Squires
40:14 Ring Archer Armor
40:05 Masonry
41:16 Forging
43:00 Sanctity
42:37 Herbal Medicine
43:18 Theocracy
42:43 Devotion
43:35 Husbandry
44:12 Iron Casting
43:45 Siege Engineers
44:11 Architecture
44:47 Hussite Reforms
45:25 Sappers
45:16 Elite Hussite Wagon
47:00 Blast Furnace
46:06 Scale Barding Armor
45:42 Treadmill Crane
46:33 Architecture
45:59 Murder Holes
46:27 Redemption
46:34 Block Printing
46:21 Devotion
47:02 Bombard Tower
49:10 Theocracy
49:01 Illumination
48:37 Atonement
Nanoha
3:25 Loom
12:05 Feudal Age
12:33 Double-Bit Axe
14:14 Horse Collar
20:53 Castle Age
19:29 Scale Mail Armor
25:01 Bow Saw
25:44 Heavy Plow
26:16 Scale Barding Armor
26:22 Forging
27:10 Stone Mining
27:56 Masonry
29:31 Wheelbarrow
29:41 Stone Shaft Mining
28:56 Gold Mining
29:09 Treadmill Crane
31:23 Ballistics
31:18 Fortified Wall
32:04 Chain Mail Armor
32:09 Chain Barding Armor
36:35 Imperial Age
35:45 Iron Casting
36:01 Pikeman
36:01 Man-at-Arms
36:44 Squires
36:29 Arson
37:48 Conscription
37:49 Lechitic Legacy
36:55 Elite Obuch
38:16 Caravan
39:29 Hoardings
39:05 Long Swordsman
40:22 Plate Mail Armor
40:53 Blast Furnace
40:31 Two-Handed Swordsman
41:35 Champion
49:00 Padded Archer Armor
48:50 Fletching
50:31 Crossbowman
50:33 Elite Skirmisher
51:20 Thumb Ring
52:24 Leather Archer Armor
52:05 Bodkin Arrow
Aya
10:56 Feudal Age
12:42 Double-Bit Axe
12:44 Horse Collar
15:19 Castle Age
16:16 Wheelbarrow
23:36 Bow Saw
24:28 Heavy Plow
24:17 Loom
24:29 Stone Mining
24:34 Gold Mining
25:58 Hand Cart
28:06 Stone Shaft Mining
28:06 Gold Shaft Mining
29:00 Scale Barding Armor
28:47 Fletching
28:58 Padded Archer Armor
31:47 Imperial Age
30:10 Bodkin Arrow
31:54 Ballistics
31:59 Leather Archer Armor
32:49 Conscription
32:50 Drill
31:51 Elite Mangudai
32:09 Capped Ram
32:55 Bracer
34:22 Parthian Tactics
34:36 Siege Ram
35:04 Siege Ram
37:13 Thumb Ring
41:20 Onager
47:56 Caravan
Connection lost

Rejoining the realm…

Still unreachable

The connection could not be restored.

Session expired

The server has moved on; the page needs a fresh start.